 Dungeon Crawl Stone Soup version 0.31.0-32-g396128a36d (webtiles) character file.

Game seed: 9132840849709433619

934 mparten the Trooper (level 7, 0/66 HPs)
             Began as a Minotaur Fighter on Mar 31, 2024.
             Engulfed by a steam dragon's steam (11 damage)
             ... on level 6 of the Dungeon.
             The game lasted 00:15:25 (2740 turns).

mparten the Trooper (Minotaur Fighter)              Turns: 2740, Time: 00:15:25

Health: 0/66       AC:  7    Str: 22    XL:     7   Next: 86%
Magic:  6/6        EV:  9    Int:  7    God:
Gold:   241        SH:  5    Dex: 10    Spells: 6/6 levels left

rFire   x . .        m - +4 spear
rCold   + . .        c - +0 buckler
rNeg    + . .        b - +0 scale mail
rPois   +            (helmet restricted)
rElec   +            (no cloak)
rCorr   .            (no gloves)
SInv    .            (no boots)
Will    .....        i - amulet of regeneration Stlth
                     w - ring of Xom's Full Attention {Ice rElec rPois rN+ Int+2}
HPRegen 1.11/turn    n - ring of flight
MPRegen 0.10/turn

%: no passive effects
@: flying
A: horns 2, retaliatory headbutt
a: no special abilities


You were on level 6 of the Dungeon.
You visited 2 branches of the dungeon, and saw 7 of its levels.

You collected 241 gold pieces.

Inventory:

Hand Weapons
 m - a +4 spear (weapon)
 y - a +1 flail of holy wrath
Armour
 b - a +0 scale mail (worn)
 c - a +0 buckler (worn)
Magical Staves
 s - a staff of death
Jewellery
 h - a ring of magical power
 i - an amulet of regeneration (around neck)
 l - a ring of magical power
 n - a ring of flight (right hand)
 q - a ring of resist corrosion
 w - the ring of Xom's Full Attention (left hand) {Ice rElec rPois rN+ Int+2}
   (You found it on level 3 of the Dungeon)

   [ring of ice]

   Ice:       It enhances your ice magic.
   Int+2:     It affects your intelligence (+2).
   rF-:       It makes you vulnerable to fire.
   rC+:       It protects you from cold.
   rElec:     It insulates you from electricity.
   rPois:     It protects you from poison rN+: It protects you from negative
   energy.
 B - an amulet of guardian spirit
Scrolls
 e - 2 scrolls of identify
 f - 4 scrolls of teleportation
 g - 3 scrolls of brand weapon
 t - a scroll of blinking {unknown}
 x - 2 scrolls of enchant armour
 z - a scroll of fear {unknown}
Potions
 d - a potion of might
 j - a potion of magic {unknown}
 k - 4 potions of curing
 o - a potion of enlightenment {unknown}
 p - a potion of resistance {unknown}
 r - a potion of ambrosia {unknown}
 u - a potion of haste {unknown}
 v - a potion of mutation {unknown}
 A - a potion of lignification {unknown}


   Skills:
 * Level 7.4 Fighting
 * Level 6.7 Axes
 + Level 5.5 Armour
 + Level 5.5 Shields


You had 6 spell levels left.
You didn't know any spells.
Your spell library contained the following spells:

 Spells                   Type           Power      Damage    Failure   Level
 Apportation              Tloc           0%         N/A       80%         1
 Cigotuvi's Dreadful Rot  Necr/Alch/Air  0%         N/A       91%         2
 Jinxbite                 Hex            0%         N/A       91%         2
 Dispel Undead            Necr           0%         3d6       100%        4
 Martyr's Knell           Necr/Summ      0%         N/A       100%        4
 Alistair's Intoxication  Alch           0%         N/A       100%        5
 Death Channel            Necr           0%         N/A       100%        6


Dungeon Overview and Level Annotations

Branches:
Dungeon (6/15)             Temple (1/1) D:4

Altars:
Ashenzari
Cheibriados
Dithmenos
Fedhas
Gozag
Hepliaklqana
Kikubaaqudgha
Nemelex Xobeh
Ru
Trog
Uskayaw
Vehumet
Wu Jian
Xom
Zin
The Shining One

Annotations:
D:5 1 runed translucent door, Crazy Yiuf


Innate Abilities, Weirdness & Mutations

You have a pair of horns on your head.
You reflexively headbutt those who attack you in melee.


Message History

There is a stone staircase leading down here.
You fly downwards.
There is a stone staircase leading up here.
A steam dragon comes into view.
The steam dragon hisses angrily.
You reach to attack!
You hit the steam dragon.
The steam dragon is lightly wounded.
You reach to attack!
You hit the steam dragon.
The steam dragon is moderately wounded.
You hit the steam dragon.
You headbutt the steam dragon, but do no damage.
The steam dragon is moderately wounded.
The steam dragon bites you but does no damage.
The steam dragon claws you but does no damage.
You hit the steam dragon but do no damage.
The steam dragon is moderately wounded.
The steam dragon breathes steam at you. The ball of steam hits you!
The steam scalds you terribly!
You take 13 damage, and have 53/66 hp.
You completely miss the steam dragon. Your headbutt misses the steam dragon.
The steam dragon is moderately wounded.
You are engulfed in a cloud of scalding steam.
The steam dragon breathes steam at you. The ball of steam misses you.
You take 12 damage, and have 41/66 hp.
You are too injured to fight recklessly!
You are too injured to fight recklessly!
You are too injured to fight recklessly!
You are too injured to fight recklessly!
You hit the steam dragon. Your headbutt misses the steam dragon.
The steam dragon is heavily wounded.
You are engulfed in a cloud of scalding steam.
The steam dragon breathes steam at you. The ball of steam hits you!!
The steam scalds you terribly!
* * * LOW HITPOINT WARNING * * *
You take 30 damage, and have 11/66 hp.
MASSIVE DAMAGE!!
You hit the steam dragon.
The steam dragon is heavily wounded.
You are engulfed in a cloud of scalding steam.
You die...

# ####.
......#####
#.D@§§#
.....####§#######
... #<......+ #
###.##### +#


You could see a steam dragon (catching breath).

Vanquished Creatures
  Sigmund (D:2)
  Menkaure (D:5)
  Duvessa (D:5)
  Pargi (D:3)
  A scorpion (D:5)
  Dowan (D:5)
  3 bombardier beetles
  An orc wizard (D:4)
  An iguana (D:5)
  A sleepcap (D:5)
  3 gnolls
  5 adders
  A shadow imp (D:5)
  2 ribbon worms
  A dart slug (D:1)
  6 orcs
  7 endoplasms
  2 giant cockroaches
  10 goblins
  5 hobgoblins
  2 jackals (D:5)
  9 kobolds
  5 quokkas
  9 ball pythons
  5 bats
  2 frilled lizards
  A rat (D:2)
87 creatures vanquished.

Notes
Turn   | Place    | Note
-------+----------+-------------------------------------------
     0 | D:1      | mparten the Minotaur Fighter began the quest for the Orb.
     0 | D:1      | Reached XP level 1. HP: 19/19 MP: 0/0
   155 | D:1      | Reached XP level 2. HP: 24/27 MP: 1/1
   205 | D:1      | Reached skill level 4 in Fighting
   609 | D:2      | Noticed Sigmund
   623 | D:1      | Reached XP level 3. HP: 10/33 MP: 2/2
   714 | D:2      | Reached XP level 4. HP: 41/41 MP: 3/3
   959 | D:2      | Killed Sigmund
   960 | D:2      | Reached skill level 5 in Fighting
   960 | D:2      | Reached XP level 5. HP: 29/49 MP: 4/4
   984 | D:2      | You fall into a shaft and drop 2 floors!
  1028 | D:3      | Noticed Pargi
  1054 | D:3      | Killed Pargi
  1055 | D:3      | Reached skill level 5 in Axes
  1055 | D:3      | Reached XP level 6. HP: 32/57 MP: 5/5
  1139 | D:3      | Reached skill level 6 in Fighting
  1388 | D:3      | Identified the ring of Xom's Full Attention {Ice rElec
                  | rPois rN+ Int+2}
  2051 | D:4      | Found a staircase to the Ecumenical Temple.
  2077 | Temple   | Entered the Ecumenical Temple
  2243 | D:5      | Entered Level 5 of the Dungeon
  2249 | D:5      | Reached skill level 5 in Armour
  2249 | D:5      | Reached XP level 7. HP: 62/64 MP: 6/6
  2285 | D:5      | Noticed Menkaure
  2297 | D:5      | Killed Menkaure
  2298 | D:5      | Reached skill level 5 in Shields
  2311 | D:5      | Found a runed translucent door.
  2312 | D:5      | Noticed Crazy Yiuf
  2326 | D:5      | Noticed Dowan
  2326 | D:5      | Noticed Duvessa
  2333 | D:5      | Killed Duvessa
  2334 | D:5      | Reached skill level 7 in Fighting
  2350 | D:5      | Killed Dowan
  2733 | D:6      | Noticed a steam dragon
  2740 | D:6      | Engulfed by a steam dragon's steam

Illustrated notes

Levels and vault maps discovered:
D:1:      dpeg_arrival_signposts, layout_rooms, corner_web_ring
D:2:      layout_rooms, uniq_sigmund
D:3:      layout_rooms, uniq_pargi
D:4:      layout_rooms, minmay_temple_entry_nine_rooms
D:5:      layout_gridville, uniq_duvessa, uniq_crazy_yiuf_cottage, uniq_menkaure
D:6:      layout_basic, nicolae_overflow_hidden_temple, serial_curves,
          eino_curves_01, eino_curves_03, kennysheep_generic_room_6,
          uniq_prince_ribbit1
Temple:   eino_temple_scatter_basement

Skill      XL: |  1  2  3  4  5  6  7 |
---------------+----------------------+-----
Fighting       | 4 5 6 7 |  7.4
Axes           | 3 4 5 6 |  6.7
Armour         | 4 5 |  5.5
Shields        | 4 5 |  5.5

Action                     |  1- 3 |  4- 6 |  7- 9 || total
---------------------------+-------+-------+-------++-------
  Melee: War axe           |    43 |       |       ||    43
         Headbutt          |     9 |    19 |    10 ||    38
         Spear             |     8 |   148 |    61 ||   217
    Use: Scroll            |       |       |     4 ||     4
 Armour: Scale mail        |    49 |   108 |    30 ||   187
  Dodge: Dodged            |    29 |    74 |    15 ||   118
  Block: Buckler           |    22 |    22 |    12 ||    56
